[Event "7th Iberoamerican-ch 2019"]
[Site "Linares"]
[Date "2019.08.18"]
[Round "9.34"]
[White "Gil Quilez, Sonia"]
[Black "Balbuena Fuentes, Mario"]
[Result "1-0"]
[ECO "A40"]
[WhiteElo "2102"]
[BlackElo "2268"]
[Annotator "NA"]
[PlyCount "83"]
[EventDate "2019.08.10"]
[EventType "swiss"]
[EventCountry "ESP"]
[SourceTitle "playchess.com"]
[Source "ChessBase"]
[SourceQuality "1"]
[TimeControl "5400+30"]

1. d4 e6 2. Nf3 f5 3. g3 Nf6 4. Bg2 d5 5. c4 c6 6. b3 Bd6 7. O-O Qe7 8. Bb2 b6 9. Nc3 Bb7 10. Qc1 Nbd7 11. a4 a5 12. Ba3 Rc8 13. Bxd6 Qxd6 14. Qe3 O-O 15. cxd5 exd5 16. Ne5 Rfe8 17. f4 c5 18. Qd3 Ne4 19. Nb5 Qe6 20. e3 c4 21. bxc4 dxc4 22. Qa3 Ndf6 23. Rac1 Red8 24. Rc2 Nd5 25. Bxe4 fxe4 26. Rxc4 Rxc4 27. Nxc4 Nb4 28. Ne5 Nd3 29. f5 Qh6 30. Ng4 Qg5 31. f6 Nb4 32. f7+ Kf8 33. Rf4 Bd5 34. Ne5 Qh5 35. Qc1 Qg5 36. Qc7 Qe7 37. Rh4 Nd3 38. Rxh7 Nxe5 39. Rh8+ Kxf7 40. Qxd8 Nf3+ 41. Kf2 Qe6 42. Nc7 1-0

[Event "7th Iberoamerican-ch 2019"]
[Site "Linares"]
[Date "2019.08.18"]
[Round "9.35"]
[White "Rodriguez Perez, Angel Mariano"]
[Black "Arroyo Rodriguez, Jesus"]
[Result "1-0"]
[ECO "C00"]
[WhiteElo "2223"]
[BlackElo "2126"]
[Annotator "NA"]
[PlyCount "83"]
[EventDate "2019.08.10"]
[EventType "swiss"]
[EventCountry "ESP"]
[SourceTitle "playchess.com"]
[Source "ChessBase"]
[SourceQuality "1"]
[TimeControl "5400+30"]

1. d4 e6 2. e4 d5 3. Bd3 dxe4 4. Bxe4 Nf6 5. Bf3 Bd6 6. Ne2 O-O 7. O-O c6 8. g3 b6 9. Nbc3 Bb7 10. Bg5 Nbd7 11. Ne4 Be7 12. Nxf6+ Nxf6 13. c3 Qc7 14. Bf4 Qc8 15. Qc2 c5 16. Bxb7 Qxb7 17. Bg5 Rac8 18. Rfd1 b5 19. Rac1 a6 20. Rd3 Rfe8 21. Bxf6 Bxf6 22. Rcd1 a5 23. dxc5 Rxc5 24. Rd7 Qa8 25. Nf4 Rec8 26. Qe2 g6 27. Nd3 Rf5 28. f4 b4 29. Ne5 Bd8 30. Qe3 h5 31. c4 Qb8 32. Qe4 Bb6+ 33. Kg2 Qa8 34. Qxa8 Rxa8 35. Rb7 Bc5 36. Rdd7 h4 37. Nxf7 Kf8 38. Ne5 g5 39. Rh7 Ke8 40. Nf7 gxf4 41. Rh8+ Bf8 42. Nd6+ 1-0

[Event "7th Iberoamerican-ch 2019"]
[Site "Linares"]
[Date "2019.08.18"]
[Round "9.36"]
[White "Silva, Goncalo Nuno Neto Pi"]
[Black "Jimenez Bernal, Francisco"]
[Result "1/2-1/2"]
[ECO "B40"]
[WhiteElo "2085"]
[BlackElo "2222"]
[Annotator "NA"]
[PlyCount "119"]
[EventDate "2019.08.10"]
[EventType "swiss"]
[EventCountry "ESP"]
[SourceTitle "playchess.com"]
[Source "ChessBase"]
[SourceQuality "1"]
[TimeControl "5400+30"]

1. e4 c5 2. Nf3 e6 3. c3 Nf6 4. e5 Nd5 5. Bc4 d6 6. O-O Nc6 7. d4 cxd4 8. cxd4 Be7 9. Nbd2 dxe5 10. dxe5 Nb6 11. Bb3 Nd4 12. Nxd4 Qxd4 13. Qe2 Bd7 14. h3 Bc6 15. Nf3 Qe4 16. Be3 Nd5 17. Bc2 Nf4 18. Qd1 Nxh3+ 19. Kh2 Qg4 20. gxh3 Qxf3 21. Qxf3 Bxf3 22. Ba4+ Kf8 23. Rac1 g5 24. Kg3 Bd5 25. Bb3 Bc6 26. Kh2 Rg8 27. Rg1 a6 28. f4 h6 29. Rcf1 Ke8 30. f5 Rd8 31. fxe6 fxe6 32. Bxe6 Rf8 33. Rxf8+ Bxf8 34. Rf1 Rd3 35. Bb6 Rd2+ 36. Rf2 Rxf2+ 37. Bxf2 Bb4 38. Kg3 Bd2 39. Kg4 Bf4 40. Kf5 Bc1 41. Bd4 Ke7 42. b3 Be4+ 43. Kxe4 Kxe6 44. a4 Bd2 45. Bb2 Be1 46. Bd4 Bg3 47. Bc3 Bh2 48. Bd4 h5 49. Bc3 g4 50. hxg4 hxg4 51. Bb2 Bg3 52. Bc3 Bh2 53. Bb2 g3 54. Kf3 g2 55. Kxg2 Bxe5 56. Bc1 Kd5 57. Kf3 Bc3 58. Ke3 Be1 59. Kd3 Bb4 60. Bf4 {[%emt 0:00:13] Ke5 Ke4+} 1/2-1/2

[Event "7th Iberoamerican-ch 2019"]
[Site "Linares"]
[Date "2019.08.18"]
[Round "9.37"]
[White "Sanchez Jerez, Emilio Miguel"]
[Black "Luque Saiz, Andres"]
[Result "0-1"]
[ECO "A06"]
[WhiteElo "2141"]
[BlackElo "2106"]
[Annotator "NA"]
[PlyCount "91"]
[EventDate "2019.08.10"]
[EventType "swiss"]
[EventCountry "ESP"]
[SourceTitle "playchess.com"]
[Source "ChessBase"]
[SourceQuality "1"]
[TimeControl "5400+30"]

1. Nf3 d5 2. g3 Nf6 3. Bg2 c6 4. O-O Bf5 5. d3 Nbd7 6. Nh4 Bg6 7. Nd2 e6 8. Nxg6 hxg6 9. e4 dxe4 10. dxe4 Bc5 11. Qe2 Qc7 12. Nf3 Rh5 13. Bf4 Qb6 14. Ng5 Nh7 15. h4 Nxg5 16. Bxg5 Be7 17. Bf3 Rh8 18. Bxe7 Kxe7 19. e5 Qxb2 20. Rfe1 Qb6 21. Qd2 Rhd8 22. Rab1 Nxe5 23. Qg5+ f6 24. Qf4 Qc7 25. Be2 c5 26. Qe4 Rab8 27. f4 Qc6 28. Qe3 Nd7 29. Bb5 Qd6 30. Rbd1 Qb6 31. Bxd7 Rxd7 32. Rxd7+ Kxd7 33. Qd3+ Qd6 34. Qxg6 Qe7 35. Qe4 a6 36. f5 e5 37. Rd1+ Kc7 38. c4 Rd8 39. Rd5 b5 40. cxb5 axb5 41. a4 bxa4 42. Rd3 Rxd3 43. Qxd3 Qd6 44. Qb5 Qc6 45. Qa5+ {[%emt 0:00:00] Kd8 Qxd8 Qd7} Qb6 46. Qd2 0-1

[Event "7th Iberoamerican-ch 2019"]
[Site "Linares"]
[Date "2019.08.18"]
[Round "9.38"]
[White "Jesus Reyes, Javier"]
[Black "Vega Gutierrez, Belinda"]
[Result "0-1"]
[ECO "D80"]
[WhiteElo "2021"]
[BlackElo "2133"]
[Annotator "NA"]
[PlyCount "36"]
[EventDate "2019.08.10"]
[EventType "swiss"]
[EventCountry "ESP"]
[SourceTitle "playchess.com"]
[Source "ChessBase"]
[SourceQuality "1"]
[TimeControl "5400+30"]

1. d4 Nf6 2. c4 g6 3. Nc3 d5 4. Bg5 dxc4 5. e4 Nc6 6. e5 Nd5 7. Bxc4 Be6 8. Qa4 Nb6 9. Qc2 Bxc4 10. d5 Nxe5 11. O-O-O Bg7 12. Qe4 Qd7 13. f4 Ng4 14. Re1 O-O-O 15. Qc2 Bxc3 16. Qxc3 f6 17. Bh4 Bxd5 18. h3 Bxg2 0-1

[Event "7th Iberoamerican-ch 2019"]
[Site "Linares"]
[Date "2019.08.18"]
[Round "9.39"]
[White "Carrasco Sagredo, Manuel"]
[Black "Gines Abad, Pedro"]
[Result "1-0"]
[ECO "B19"]
[WhiteElo "2106"]
[BlackElo "1964"]
[Annotator "NA"]
[PlyCount "53"]
[EventDate "2019.08.10"]
[EventType "swiss"]
[EventCountry "ESP"]
[SourceTitle "playchess.com"]
[Source "ChessBase"]
[SourceQuality "1"]
[TimeControl "5400+30"]

1. e4 c6 2. d4 d5 3. Nd2 dxe4 4. Nxe4 Bf5 5. Ng3 Bg6 6. h4 h6 7. Nf3 Nd7 8. h5 Bh7 9. Bd3 Bxd3 10. Qxd3 e6 11. Bd2 Ngf6 12. O-O-O Qc7 13. Kb1 O-O-O 14. c4 Kb8 15. Bc3 Bd6 16. Ne4 Be7 17. g3 c5 18. d5 Nxe4 19. Qxe4 Bf6 20. dxe6 Bxc3 21. Rxd7 Rxd7 22. exd7 Bf6 23. Qe8+ Qd8 24. Qxf7 Qb6 25. Qe8+ Kc7 26. Ne5 Bxe5 27. d8=Q# 1-0

[Event "7th Iberoamerican-ch 2019"]
[Site "Linares"]
[Date "2019.08.18"]
[Round "9.40"]
[White "Paiva, Henrique M A Alberga"]
[Black "Ingunza Curro, Andres"]
[Result "0-1"]
[ECO "A01"]
[WhiteElo "2106"]
[BlackElo "2103"]
[Annotator "NA"]
[PlyCount "118"]
[EventDate "2019.08.10"]
[EventType "swiss"]
[EventCountry "ESP"]
[SourceTitle "playchess.com"]
[Source "ChessBase"]
[SourceQuality "1"]
[TimeControl "5400+30"]

1. b3 e5 2. Bb2 Nc6 3. e3 Nf6 4. Bb5 Bd6 5. Na3 Na5 6. Be2 a6 7. c4 O-O 8. Nc2 Re8 9. d3 c5 10. Nf3 Nc6 11. O-O Bf8 12. d4 e4 13. Ne5 cxd4 14. exd4 d6 15. Nxc6 bxc6 16. d5 c5 17. f4 exf3 18. Bxf3 g6 19. Qd2 Bg7 20. Qf4 Ra7 21. Qh4 Bf5 22. Rac1 h6 23. Ba1 g5 24. Qf2 Bg6 25. Ne3 Rae7 26. Ng4 Nxg4 27. Bxg4 Re4 28. Bxg7 Kxg7 29. Qb2+ R8e5 30. Bf3 Re3 31. Rce1 Kh7 32. Rxe3 Rxe3 33. Bg4 Re5 34. Qa3 Qe7 35. Qa5 Bd3 36. Rd1 Be2 37. Bxe2 Rxe2 38. Qc3 Qe4 39. Qg3 Rxa2 40. Rf1 f5 41. Re1 Re2 42. Rxe2 Qxe2 43. Qc3 Kg6 44. h3 f4 45. Qh8 Qe1+ 46. Kh2 Qe5 47. Qg8+ Kh5 48. Kg1 Kh4 49. Qe6 Qe3+ 50. Kf1 Qc1+ 51. Kf2 h5 52. Qe2 Qc3 53. Qa2 Qe3+ 54. Kf1 Kg3 55. Qc2 g4 56. hxg4 hxg4 57. Qb2 f3 58. gxf3 Qxf3+ 59. Kg1 Qd1# 0-1